Dungeon Sprint DCSS version 0.27.1-2-g3b301248ec (webtiles) character file.

Game seed: 17200328064564650176 4700000 Jawa73 the Invulnerable (level 26, -137/287 (290) HPs) Began as a Deep Dwarf Fighter on Oct 5, 2021. Was the Champion of Makhleb. Annihilated by a sculptor of flesh (265 damage) ... in the Dungeon (Sprint VIII: "Arena of Blood"). The game lasted 00:08:09 (47 turns). Jawa73 the Invulnerable (Deep Dwarf Fighter) Turns: 47, Time: 00:08:10 HP: -137/287 (290)AC: 13 Str: 27 XL: 26 Next: 57% MP: 20/40 EV: 23 Int: 13 God: Makhleb [******] Gold: 0 SH: 0 Dex: 13 Spells: 25/25 levels left rFire . . . SeeInvis . k - +∞ Axe of Woe rCold . . . Faith . (shield currently unavailable) rNeg + . . Spirit . b - +0 scale mail rPois . Reflect . (no helmet) rElec . Harm . (no cloak) rCorr . Rampage . (no gloves) Will +++.. NoTele + (no boots) Stlth .......... (no amulet) HPRegen 0.00/turn l - +30 ring of slaying MPRegen 0.27/turn (no ring) @: lightly drained A: damage resistance, heal wounds, negative energy resistance 1, sense surroundings 3, no regeneration a: Heal Wounds, Renounce Religion, Minor Destruction, Lesser Servant of Makhleb, Major Destruction, Greater Servant of Makhleb You were in the Dungeon. You worshipped Makhleb. Makhleb was exalted by your worship. You visited 1 branch

Inventory:

Hand Weapons
 a - a +0 war axe
 k - the +∞ Axe of Woe (weapon)
   (You found it in the Dungeon)
Armour
 b - a +0 scale mail (worn)
 c - a +0 kite shield
Jewellery
 l - a +30 ring of slaying (left hand)
Scrolls
 j - a scroll of blinking
Potions
 d - a potion of might
 e - a potion of curing
 f - a potion of heal wounds
 g - a potion of haste
 h - 2 potions of magic
 i - a potion of berserk rage


   Skills:
 O Level 27 Fighting
 + Level 21.4(24.4) Short Blades
 + Level 22.7(26.0) Long Blades
 - Level 9.7 Axes
 + Level 21.2 Staves
 + Level 24.5(27) Slings
 + Level 18.5 Bows
 + Level 24.5 Crossbows
 + Level 21.4(24.4) Throwing
 O Level 27 Armour
 O Level 27 Dodging
 O Level 27 Shields
 + Level 21.4 Conjurations
 + Level 20.0 Hexes
 + Level 22.7 Summonings
 + Level 24.5 Necromancy
 + Level 24.5 Translocations
 + Level 21.4 Transmutations
 + Level 21.3 Fire Magic
 + Level 21.3 Ice Magic
 + Level 19.8 Air Magic
 O Level 27 Earth Magic
 + Level 21.2 Poison Magic
 O Level 27 Invocations
 O Level 27 Evocations


You had 25 spell levels left.
You didn't know any spells.
Your spell library was empty.

Dungeon Overview and Level Annotations

Branches:
Dungeon (1/1)

Altars:
Makhleb


Innate Abilities, Weirdness & Mutations

You are resistant to damage.
You can heal yourself by infusing magical energy.
You resist negative energy. (rN+)
You passively map a large area around you.
You do not regenerate.


Message History

You feel better.
You slice the sculptor of flesh!!
You cleave the sculptor of flesh in twain.
You destroy the sculptor of flesh!
Makhleb accepts your kill.
You slice the tentacled monstrosity!!
You dissect the tentacled monstrosity like a pig carcass.
You kill the tentacled monstrosity!
You slice the sculptor of flesh!!
You dissect the sculptor of flesh like a pig carcass.
You destroy the sculptor of flesh!
Makhleb accepts your kill.
You slash the large bag of meat!
Flame seeps out of the large bag of meat.
You fatally mangle the large bag of meat.
Makhleb accepts your kill.
You feel better.
The large bag of meat explodes!
The fiery explosion engulfs the sculptor of flesh!!
The fiery explosion engulfs you!
You feel extremely nervous for a moment...
Your body is wracked with pain!
You are engulfed in blazing flames.
You hear a shout! x3
The meat berserker rages.
A bag of meat comes into view. It is wielding a +9 war axe.
You hear a shout!
A large bag of meat comes into view. It is wielding a +9 giant spiked club.
A meat berserker comes into view. It is wielding a +9 battleaxe.
You hear a shout!
A bag of meat comes into view. It is wielding a +9 war axe.
You hear a shout! x4
The meat berserker rages.
The tyrant is engulfed in blazing flames.
The tyrant touches you! You partially resist.
You feel drained.
You hear a shout!
A large bag of meat comes into view. It is wielding a +9 giant spiked club.
You hear a shout!
The sculptor of flesh is engulfed in blazing flames.
The sculptor of flesh hits you with a +9 great sword!!!!!
Ouch! That really hurt!
You die... , , .... , ,, , Oo..

, O..., , , , ,.oo..
... , , , ,, #..O
..#, ,, ,, ,, ,, * .
#.X. ,..# ,,,, ,
,.o###.O. ,..###.. ,
, ......O###o......
,,
.....X.)_))......, ,
* ,
....#L@§).#.....,,*,
, , .,, #§z§O_# ...
,, ** , , #§O§..#,,
,., , ,*
....._.OO... , , ,
,...o..###o....., ,
,* , ,.O###.V.
..###. , , . ,
#.o.,,..# , , , ,,
#.@. ,..# , , , , ,
,,, .o...,,.. , ,


You could see a tentacled monstrosity (summoned), a tyrant (fast), The Servant,
a destroyer, a sculptor of flesh, 3 large bags of meat, a large abomination
(summoned), 4 meat berserkers and 8 bags of meat.

Vanquished Creatures
  A royal mummy (D)
  6 vampire knights (D)
  22 ogres (D)
  A two-headed ogre (D)
  13 orcs (D)
  4 skeletal warriors (D)
47 creatures vanquished.

Notes
Turn   | Place    | Note
-------+----------+-------------------------------------------
     0 | D        | Found the +∞ Axe of Woe
     0 | D        | Jawa73 the Deep Dwarf Fighter began the quest for the Orb.
     0 | D        | Reached XP level 1. HP: 20/20 MP: 1/1
     3 | D        | Became a worshipper of Makhleb the Destroyer
     6 | D        | Noticed a bag of meat
    10 | D        | Killed a bag of meat
    11 | D        | Reached skill level 15 in Fighting
    11 | D        | Reached XP level 2. HP: 52/52 MP: 2/2
    11 | D        | Reached XP level 3. HP: 60/60 MP: 3/3
    11 | D        | Reached XP level 4. HP: 68/68 MP: 4/4
    11 | D        | Reached XP level 5. HP: 75/75 MP: 5/5
    11 | D        | Reached XP level 6. HP: 84/84 MP: 6/6
    11 | D        | Reached XP level 7. HP: 91/91 MP: 7/7
    11 | D        | Reached XP level 8. HP: 99/99 MP: 8/8
    11 | D        | Gained mutation: You passively map the area around you.
                  | [Deep Dwarf growth]
    11 | D        | Reached XP level 9. HP: 106/106 MP: 9/9
    11 | D        | Reached XP level 10. HP: 115/115 MP: 10/10
    11 | D        | Reached XP level 11. HP: 122/122 MP: 11/11
    11 | D        | Noticed a meat berserker
    14 | D        | Noticed a bag of meat
    15 | D        | Noticed a meat berserker
    15 | D        | Noticed a bag of meat
    16 | D        | Noticed a bag of meat
    16 | D        | Noticed a bag of meat
    17 | D        | Killed a meat berserker
    17 | D        | Reached * piety under Makhleb
    17 | D        | Killed a meat berserker
    17 | D        | Noticed a meat berserker
    17 | D        | Noticed a bag of meat
    17 | D        | Noticed a bag of meat
    17 | D        | Noticed a bag of meat
    18 | D        | Reached skill level 15 in Invocations
    18 | D        | Reached XP level 12. HP: 61/148 MP: 11/23
    18 | D        | Reached XP level 13. HP: 65/156 MP: 11/24
    18 | D        | Gained mutation: You resist negative energy. (rN+) [Deep
                  | Dwarf growth]
    18 | D        | Reached XP level 14. HP: 68/165 MP: 11/25
    19 | D        | Noticed a meat berserker
    19 | D        | Noticed a destroyer
    19 | D        | Noticed a bag of meat
    21 | D        | Killed a bag of meat
    21 | D        | Noticed a bag of meat
    22 | D        | Reached XP level 15. HP: 108/177 MP: 11/27
    22 | D        | Killed a meat berserker
    22 | D        | Reached ** piety under Makhleb
    22 | D        | Killed a destroyer
    22 | D        | Killed a meat berserker
    22 | D        | Reached *** piety under Makhleb
    22 | D        | Noticed a destroyer
    22 | D        | Noticed a meat berserker
    23 | D        | Reached skill level 27 in Fighting
    23 | D        | Reached skill level 27 in Armour
    23 | D        | Reached skill level 27 in Dodging
    23 | D        | Reached skill level 27 in Invocations
    23 | D        | Reached XP level 16. HP: 169/200 MP: 12/33
    23 | D        | Reached XP level 17. HP: 176/208 MP: 12/34
    23 | D        | Killed a destroyer
    24 | D        | Reached skill level 5 in Bows
    24 | D        | Reached skill level 5 in Hexes
    24 | D        | Reached skill level 5 in Air Magic
    24 | D        | Gained mutation: You passively map a large area around you.
                  | [Deep Dwarf growth]
    24 | D        | Reached XP level 18. HP: 218/218 MP: 12/35
    24 | D        | Reached **** piety under Makhleb
    24 | D        | Noticed a destroyer
    24 | D        | Noticed a meat berserker
    25 | D        | Reached XP level 19. HP: 226/226 MP: 12/36
    25 | D        | Noticed a meat berserker
    26 | D        | Reached ***** piety under Makhleb
    26 | D        | Killed a meat berserker
    27 | D        | Reached skill level 10 in Short Blades
    27 | D        | Reached skill level 10 in Staves
    27 | D        | Reached skill level 10 in Throwing
    27 | D        | Reached skill level 10 in Conjurations
    27 | D        | Reached skill level 10 in Transmutations
    27 | D        | Reached skill level 10 in Fire Magic
    27 | D        | Reached skill level 10 in Ice Magic
    27 | D        | Reached skill level 15 in Earth Magic
    27 | D        | Reached skill level 10 in Poison Magic
    27 | D        | Reached skill level 15 in Evocations
    27 | D        | Noticed a meat berserker
    27 | D        | Noticed a destroyer
    28 | D        | Noticed a meat berserker
    29 | D        | Killed a meat berserker
    29 | D        | Noticed a meat berserker
    30 | D        | Reached skill level 10 in Hexes
    30 | D        | Reached skill level 10 in Air Magic
    30 | D        | Reached XP level 20. HP: 225/236 MP: 14/37
    30 | D        | Noticed a meat berserker
    30 | D        | Noticed a meat berserker
    31 | D        | Killed a meat berserker
    31 | D        | Killed a destroyer
    32 | D        | Reached skill level 10 in Bows
    32 | D        | Reached XP level 21. HP: 195/244 MP: 15/38
    33 | D        | Reached skill level 15 in Long Blades
    33 | D        | Reached skill level 15 in Summonings
    33 | D        | Reached ****** piety under Makhleb
    34 | D        | Reached skill level 15 in Short Blades
    34 | D        | Reached skill level 15 in Staves
    34 | D        | Reached skill level 15 in Throwing
    34 | D        | Reached skill level 15 in Conjurations
    34 | D        | Reached skill level 15 in Transmutations
    34 | D        | Reached skill level 15 in Fire Magic
    34 | D        | Reached skill level 15 in Ice Magic
    34 | D        | Reached skill level 15 in Poison Magic
    34 | D        | Reached XP level 22. HP: 215/254 MP: 15/39
    35 | D        | Killed a destroyer
    36 | D        | Reached skill level 15 in Hexes
    36 | D        | Reached skill level 15 in Air Magic
    36 | D        | Reached XP level 23. HP: 262/262 MP: 16/40
    37 | D        | Noticed a large bag of meat
    38 | D        | Noticed a destroyer
    40 | D        | Noticed an accursed
    41 | D        | Noticed a tyrant
    43 | D        | Reached skill level 27 in Shields
    43 | D        | Noticed a large bag of meat
    44 | D        | Killed a destroyer
    44 | D        | Noticed a destroyer
    45 | D        | Reached skill level 15 in Bows
    45 | D        | Reached XP level 24. HP: 55/272 MP: 19/40
    46 | D        | Reached skill level 27 in Earth Magic
    46 | D        | Reached skill level 27 in Evocations
    46 | D        | Reached XP level 25. HP: 251/280 MP: 19/40
    46 | D        | Killed a destroyer
    46 | D        | Noticed a destroyer
    46 | D        | Noticed a large bag of meat
    46 | D        | Noticed a tyrant
    47 | D        | Reached XP level 26. HP: 222/290 MP: 20/40
    47 | D        | Killed an accursed
    47 | D        | Killed a large bag of meat
    47 | D        | Noticed a large bag of meat
    47 | D        | Noticed a large bag of meat
    47 | D        | Annihilated by a sculptor of flesh

Illustrated notes

Levels and vault maps discovered:
D:        meatsprint

Skill      XL: |  1  2  3  4  5  6  7  8  9 10 11 12 13 14 15 16 17 18 19 20 21 22 23 24 25 |
---------------+----------------------------------------------------------------------------+-----
Fighting       | 15 21 22 27 | 27.0
Axes           | 9 |  9.7
Armour         | 17 24 25 27 | 27.0
Shields        | 17 27 | 27.0
Dodging        | 13 14 27 | 27.0
Invocations    | 15 16 27 | 27.0
Short Blades   | 6 8 11 12 15 16 18 20 21 | 21.4
Long Blades    | 6 8 11 13 16 17 19 21 22 | 22.7
Staves         | 6 8 11 12 15 16 18 20 21 | 21.2
Slings         | 7 9 12 14 17 19 20 23 24 | 24.5
Bows           | 5 6 9 10 13 14 15 17 18 | 18.5
Crossbows      | 7 9 12 14 17 19 20 22 24 | 24.5
Throwing       | 6 8 11 12 15 16 18 20 21 | 21.4
Conjurations   | 6 8 11 12 15 16 18 20 21 | 21.4
Hexes          | 5 7 10 11 14 15 16 18 20 | 20.0
Summonings     | 6 9 12 13 16 17 19 21 22 | 22.7
Necromancy     | 7 9 12 14 17 19 20 23 24 | 24.5
Translocations | 7 9 12 14 17 19 20 22 24 | 24.5
Transmutations | 6 8 11 12 15 16 18 20 21 | 21.4
Fire Magic     | 6 8 11 12 15 16 18 20 21 | 21.3
Ice Magic      | 6 8 11 12 15 16 18 20 21 | 21.3
Air Magic      | 5 7 10 11 14 15 16 18 19 | 19.8
Earth Magic    | 9 12 16 18 21 23 25 27 | 27.0
Poison Magic   | 6 8 11 12 15 16 18 20 21 | 21.2
Evocations     | 9 12 16 18 21 23 25 27 | 27.0

Action                   |  1- 3 |  4- 6 |  7- 9 | 10-12 | 13-15 | 16-18 | 19-21 | 22-24 | 25-27 || total
-------------------------+-------+-------+-------+-------+-------+-------+-------+-------+-------++-------
Melee: Executioner's axe |     1 |       |       |     1 |     2 |     2 |     5 |     7 |     2 ||    20
Invok: Greater Servant o |       |       |       |       |       |       |     1 |     1 |       ||     2
       Major Destruction |       |       |       |       |       |       |       |     1 |       ||     1
 Abil: Heal Wounds       |       |       |       |       |     1 |       |       |       |       ||     1
Dodge: Dodged            |       |       |       |       |       |       |       |       |     1 ||     1
